 Dungeon Crawl Stone Soup version 0.24-a0-368-g0e0cebd0f3 (webtiles) character file.

Game seed: 15071078803130661598

833 goulibeur the Skirmisher (level 7, 0/64 HPs)
             Began as a Minotaur Fighter on May 28, 2019.
             Succumbed to Eustachio's poison
             ... on level 4 of the Dungeon.
             The game lasted 00:14:41 (4196 turns).

goulibeur the Skirmisher (Minotaur Fighter)         Turns: 4196, Time: 00:14:41

Health: 0/64       AC: 12    Str: 21    XL:     7   Next: 66%
Magic:  6/6        EV:  5    Int:  5    God:
Gold:   286        SH: 10    Dex: 11    Spells: 6/6 levels left

rFire    . . .     SeeInvis .   a - +1 flail
rCold    . . .     Gourm    .   c - +0 shield
rNeg     . . .     Faith    .   r - +0 plate armour
rPois    .         Spirit   .   (helmet restricted)
rElec    .         Reflect  .   (no cloak)
rCorr    .         Harm     .   (no gloves)
MR       .....                  (no boots)
Stlth    ..........             (no amulet)
HPRegen  0.20/turn              (no ring)
MPRegen  0.10/turn              (no ring)

@: lethally poisoned (0 -> -4)
A: retaliatory headbutt, horns 2
a: no special abilities


You were on level 4 of the Dungeon.
You were not hungry.

You visited 1 branch of the dungeon, and saw 4 of its levels.

You collected 286 gold pieces.

Inventory:

Hand Weapons
 a - a +1 flail (weapon)
Armour
 b - a +0 scale mail
 c - a +0 shield (worn)
 r - a +0 plate armour (worn)
 t - a +0 buckler
Wands
 j - a wand of polymorph (7)
Scrolls
 g - a scroll of remove curse
 i - 3 scrolls of teleportation
Potions
 d - 3 potions of might
 e - a potion of flight {unknown}
 h - 2 potions of haste
 k - 2 potions of degeneration
 l - 3 potions of curing {unknown}
 n - a potion of brilliance {unknown}
 u - a potion of cancellation {unknown}
Comestibles
 f - 11 rations
 m - 3 chunks of flesh


   Skills:
 * Level 6.4 Fighting
 * Level 5.8 Maces & Flails
 + Level 2.6 Throwing
 + Level 5.1 Armour
 + Level 2.8 Dodging
 + Level 4.9 Shields


You had 6 spell levels left.
You didn't know any spells.
Your spell library was empty.

Dungeon Overview and Level Annotations

Branches:
Dungeon (4/15)
 Temple: D:4-7

Altars:
Cheibriados

Annotations:
D:4 Eustachio


Innate Abilities, Weirdness & Mutations

You reflexively headbutt those who attack you in melee.
You have a pair of horns on your head.


Message History

You feel sick.
The ufetubus disappears in a puff of smoke!
You block Eustachio's attack.
You hit the quasit. Your headbutt misses the quasit.
The quasit is moderately wounded.
* * * LOW HITPOINT WARNING * * *
You feel sick.
The quasit disappears in a puff of smoke!
You block Eustachio's attack.
Things that are here:
a +0 giant spiked club; a +0 spear; a gnoll corpse
* * * LOW HITPOINT WARNING * * *
You feel sick.
* * * LOW HITPOINT WARNING * * *
You feel sick.
* * * LOW HITPOINT WARNING * * *
You feel sick.
Eustachio gestures wildly while chanting.
Eustachio blinks!
You die...

.#.###.######.##.##.#
********* .#.# #.#
#.##r##.# *,,,,,,,*
.#.###.## #.##b##.#
*,*****,* .#......#
#.##)##.# *,* *,*
.#.###..# #.##r##<# *,*
*,* ........# #.##@##.#
*,* *,, .#.####.#
#.......# ***,* *,,
........#####..#.####
*,,,* *,,
#...............@#* *,***
*,, #.....#.######....#
*,* *,, #.###.#,#
***####.# *,* *,, ..#
*.#,***,,,,,,.# *,* *,,
### *,.,,,,,,,,...# *,*
**, #
**#.***,#.*#..##***,*****
*, # *.#
*,#.##....,,,,...,* *, #
*,* *,#......,,,,,..#,*
*, # *,*
#,#..#..#****,#.#,* *,


You could see Eustachio, a river rat, a quokka and a bat.

Vanquished Creatures
  2 ogres
  3 big kobolds (D:3)
  A bullfrog (D:2)
  A bullfrog zombie (D:3)
  A hound (D:4)
  2 orc wizards (D:4)
  A worker ant (D:4)
  4 adders (D:2)
  8 gnolls
  An ooze (D:2)
  2 worms
  3 orcs (D:4)
  2 ball pythons (D:1)
  2 giant cockroaches
  31 goblins
  30 hobgoblins
  8 jackals
  2 quokkas
  9 bats
  6 frilled lizards
  10 kobolds
  A quokka skeleton (D:4)
  5 rats
135 creatures vanquished.

Notes
Turn   | Place    | Note
-------+----------+-------------------------------------------
     0 | D:1      | goulibeur the Minotaur Fighter began the quest for the Orb.
     0 | D:1      | Reached XP level 1. HP: 19/19 MP: 0/0
    87 | D:1      | Reached XP level 2. HP: 5/27 MP: 1/1
   434 | D:1      | Reached skill level 4 in Fighting
   580 | D:1      | Reached XP level 3. HP: 33/33 MP: 2/2
  1096 | D:2      | Reached skill level 1 in Dodging
  1235 | D:2      | Reached skill level 1 in Throwing
  1484 | D:2      | Reached XP level 4. HP: 34/41 MP: 3/3
  1954 | D:2      | Noticed a bullfrog
  1961 | D:2      | Killed a bullfrog
  1961 | D:2      | Reached XP level 5. HP: 25/47 MP: 4/4
  2209 | D:3      | Noticed an ogre
  2216 | D:3      | Killed an ogre
  2216 | D:3      | Reached skill level 5 in Fighting
  2594 | D:3      | Found a snail-covered altar of Cheibriados.
  2942 | D:3      | Reached XP level 6. HP: 48/56 MP: 5/5
  3156 | D:3      | Reached skill level 5 in Maces & Flails
  3196 | D:3      | Reached XP level 7. HP: 62/62 MP: 6/6
  3782 | D:3      | Reached skill level 6 in Fighting
  3977 | D:4      | Reached skill level 5 in Armour
  4171 | D:4      | Noticed Eustachio
  4190 | D:4      | HP: 3/64 [poisoned by Eustachio]
  4194 | D:4      | HP: 1/64 [poisoned by Eustachio]
  4196 | D:4      | Succumbed to Eustachio's poison

Levels and vault maps discovered:
D:1:      dpeg_arrival_more_subterranean_lakeside_camping, layout_rooms
D:2:      layout_basic
D:3:      minmay_goblin_kobold_castle, layout_basic,
          nicolae_overflow_crystal_walls, first_ration
D:4:      layout_loops_ring, gammafunk_temple_overflow_wave, uniq_eustachio

Skill      XL: |  1  2  3  4  5  6  7 |
---------------+----------------------+-----
Fighting       | 4 5 6 |  6.4
Maces & Flails | 3 4 5 |  5.8
Dodging        | 1 2 |  2.8
Throwing       | 1 2 |  2.6
Armour         | 4 5 |  5.1
Shields        | 4 |  4.9

Action                   |  1- 3 |  4- 6 |  7- 9 || total
-------------------------+-------+-------+-------++-------
Melee: Flail             |   120 |   157 |   112 ||   389
       Headbutt          |    23 |    17 |    19 ||    59
  Use: Scroll            |       |     1 |     7 ||     8
  Eat: Chunk             |     2 |     6 |     3 ||    11
Armor: Scale mail        |    63 |       |       ||    63
       Plate armour      |     2 |    79 |    75 ||   156
Dodge: Dodged            |    35 |    36 |    27 ||    98
Block: Shield            |    65 |    65 |    73 ||   203

Table legend:
 A = Non-vault XP
 B = Vault XP
 C = Vault XP percentage of total XP
 D = Non-vault monster count
 E = Vault monster count
 F = Vault count percentage of total count
                 A         B        C        D         E       F
            +---------+---------+-------+---------+---------+-------
      Total |     744 |     447 |  37.5 |      76 |      59 |  43.7
            +---------+---------+-------+---------+---------+-------
        D:1 |      48 |       0 |   0.0 |      29 |       0 |   0.0
        D:2 |     181 |       0 |   0.0 |      20 |       0 |   0.0
        D:3 |     183 |     447 |  71.0 |      13 |      59 |  81.9
        D:4 |     332 |       0 |   0.0 |      14 |       0 |   0.0
            +---------+---------+-------+---------+---------+-------
